AoeStats
← Ten Letters

Arabia

506608325Analyzed
1v1 RM · 19d ago on Sep 14, 2026· 45m 38s· 2 players
Game mode
Random Map
Map size
Tiny (2 player)
Population
200
Speed
Normal
Resources
Standard
Victory
Conquest
Starting age
Dark Age
Ending age
Imperial Age
RankedLock teamsTeams togetherTeam positionsShared explorationLock speedFull tech treeHidden civsTurbo modeCheats
Victory
Defeat
🇩🇪 Lithuanians · Germany
296
+9
🇬🇧 Britons · United Kingdom
140
-9
lenomat
7:45 Loom
10:11 Feudal Age
11:24 Double-Bit Axe
11:20 Horse Collar
20:34 Castle Age
22:13 Bow Saw
22:30 Fervor
22:41 Sanctity
22:22 Devotion
26:28 Bloodlines
26:19 Husbandry
26:13 Fletching
26:29 Scale Barding Armor
26:35 Forging
28:35 Elite Skirmisher
31:00 Murder Holes
30:46 Treadmill Crane
40:02 Imperial Age
40:27 Iron Casting
42:29 Conscription
43:57 Chain Barding Armor
43:40 Scale Mail Armor
43:42 Light Cavalry
44:54 Ballistics
44:38 Bodkin Arrow
Ten Letters
12:54 Feudal Age
17:11 Wheelbarrow
16:24 Loom
16:15 Man-at-Arms
17:57 Forging
17:48 Scale Mail Armor
17:53 Double-Bit Axe
18:40 Town Watch
18:39 Horse Collar
23:27 Gold Mining
23:35 Stone Mining
29:19 Castle Age
27:59 Fletching
28:09 Padded Archer Armor
29:46 Pikeman
30:28 Squires
30:14 Arson
32:10 Gold Shaft Mining
31:38 Heavy Plow
31:51 Bow Saw
32:14 Guard Tower
33:36 Ballistics
33:27 Fortified Wall
34:52 Iron Casting
37:07 Hand Cart
36:53 Town Patrol
38:22 Murder Holes
40:59 Leather Archer Armor
43:07 Chain Mail Armor
42:48 Bodkin Arrow
43:09 Masonry
42:41 Treadmill Crane
42:52 Heated Shot
46:29 Yeomen
Connection lost

Rejoining the realm…

Still unreachable

The connection could not be restored.

Session expired

The server has moved on; the page needs a fresh start.